 Dungeon Crawl Stone Soup version 0.29.1-2-gbd0b4ee654 (webtiles) character file.

Game seed: 14208214826445951620

38 zeram the Sneak (level 3, -10/18 HPs)
             Began as a Spriggan Brigand on Nov 4, 2022.
             Mangled by an ogre
             ... wielding a +0 giant club
              (28 damage)
             ... on level 2 of the Dungeon.
             The game lasted 00:01:25 (1078 turns).

zeram the Sneak (Spriggan Brigand)                  Turns: 1078, Time: 00:01:26

Health: -10/18     AC:  3    Str:  7    XL:     3   Next: 25%
Magic:  4/4        EV: 16    Int: 14    God:
Gold:   56         SH:  0    Dex: 16    Spells: 2/2 levels left

rFire   . . .      SeeInvis +   a - +3 dagger
rCold   . . .      Faith    .   (no shield)
rNeg    . . .      Spirit   .   b - +0 robe
rPois   .          Reflect  .   (helmet restricted)
rElec   .          Harm     .   c - +0 cloak
rCorr   .          Rampage  .   (gloves unavailable)
Will    .....                   (boots unavailable)
Stlth   ++++......              (no amulet)
HPRegen 0.06/turn               (no ring)
MPRegen 0.09/turn               (no ring)

@: very quick
A: very small, no large weapons, unfitting armour, see invisible, speed 3
a: no special abilities


You were on level 2 of the Dungeon.
You visited 1 branch of the dungeon, and saw 2 of its levels.

You collected 56 gold pieces.

Inventory:

Hand Weapons
 a - a +3 dagger (weapon)
Missiles
 d - 9 poisoned darts (quivered)
 e - 3 curare-tipped darts
Armour
 b - a +0 robe (worn)
 c - a +0 cloak (worn)
Scrolls
 g - a scroll of teleportation {unknown}
Potions
 f - 2 potions of flight {unknown}
 h - a potion of cancellation {unknown}
 i - a potion of attraction {unknown}


   Skills:
 - Level 1.5 Fighting
 + Level 2.5 Short Blades
 - Level 2.0 Throwing
 + Level 1.6 Dodging
 + Level 7.4 Stealth


You had 2 spell levels left.
You didn't know any spells.
Your spell library was empty.

Dungeon Overview and Level Annotations

Branches:
Dungeon (2/15)

Altars:


Innate Abilities, Weirdness & Mutations

You are very small and have problems with some larger weapons.
You are too small for most types of armour.
You have supernaturally acute eyesight. (SInv)
You cover ground extremely quickly. (Speed+++)


Message History

An endoplasm is nearby!
An endoplasm is nearby!
A rat comes into view.
Found an emerald potion and a pair of gloves.
Found a stone staircase leading up.
Found a scroll of enchant weapon.
The helpless endoplasm fails to defend itself.
You spit the endoplasm like a pig!!!
You kill the endoplasm!
You hit the rat.
You kill the rat!
No target in view!
No target in view!
No target in view!
No target in view!
h - an emerald potion A goblin comes into view.
It is wielding a +0 club.
Found a leather armour.
You see here a scroll of enchant weapon.
A goblin is nearby!
A goblin is nearby!
A goblin is nearby!
An ogre comes into view. It is wielding a +0 giant club.
The goblin shouts!
The ogre shouts!
You hit the ogre.
The ogre is lightly wounded.
The ogre misses you.
A frilled lizard comes into view.
The frilled lizard hisses angrily.
You hit the ogre.
The ogre is moderately wounded.
You hit the ogre.
The ogre is heavily wounded.
The ogre misses you. The goblin misses you.
You hit the ogre but do no damage.
The ogre is heavily wounded.
The ogre hits you with a +0 giant club!!
Ouch! That really hurt!
You die...

.......# ##...........#
####.<.######.........<..#
####.....................#
#....#(#######..........##
..####..# #.#[..#...## ###
#... #.#########
..#####.... #?#
#(.........###.#####
##########......@..#
#......gO...#
#.....l...#.#
#............#
#....###.#.#.# #.[.. .###
# ##... .# #... ..


You could see an ogre, a goblin and a frilled lizard.

Vanquished Creatures
  An adder (D:2)
  A dart slug (D:2)
  2 ball pythons
  4 endoplasms
  2 giant cockroaches (D:1)
  2 goblins (D:1)
  5 hobgoblins
  A kobold (D:1)
  A quokka (D:1)
  A frilled lizard (D:1)
  4 rats
24 creatures vanquished.

Notes
Turn   | Place    | Note
-------+----------+-------------------------------------------
     0 | D:1      | zeram the Spriggan Brigand began the quest for the Orb.
     0 | D:1      | Reached XP level 1. HP: 10/10 MP: 2/2
    32 | D:1      | Reached skill level 6 in Stealth
   165 | D:1      | Reached XP level 2. HP: 3/14 MP: 3/3
   887 | D:1      | You fall into a shaft and drop 1 floor!
   899 | D:2      | Reached skill level 7 in Stealth
   929 | D:2      | Reached XP level 3. HP: 18/18 MP: 4/4
  1072 | D:2      | Noticed an ogre
  1078 | D:2      | Mangled by an ogre

Illustrated notes

Levels and vault maps discovered:
D:1:      tarquinn_simple_flora_water_c, layout_basic, minmay_cut_off
D:2:      layout_rooms, shapermc_ecumenical_altar_mp_urbaneastern,
          minmay_heptomino_h4

Skill      XL: |  1  2 |
---------------+-------+-----
Stealth        | 6 7 |  7.4
Fighting       | |  1.5
Short Blades   | |  2.5
Throwing       | |  2.0
Dodging        | |  1.6

Action                   || total
-------------------------++-------
Melee: Dagger            ||    64
  Use: Scroll            ||     3
 Stab: Sleeping          ||     7
       Distracted        ||     1
Armor: Robe              ||     5
Dodge: Dodged            ||    39
